 Dungeon Crawl Stone Soup version 0.26.0-10-g1f06aea511 (webtiles) character file.

Game seed: 9842435171857289478

50 inc the Vexing (level 3, -2/14 HPs)
             Began as a Felid Enchanter on Jan 29, 2021.
             Killed from afar by Sigmund (11 damage)
             ... with a puff of flame
             ... on level 2 of the Dungeon.
             The game lasted 00:03:32 (2471 turns).

inc the Vexing (Felid Enchanter)                    Turns: 2471, Time: 00:03:32

Health: -2/14      AC:  1    Str:  4    XL:     3   Next: 55%
Magic:  6/7        EV: 18    Int: 17    God:
Gold:   68         SH:  0    Dex: 16    Spells: 3/6 levels left
                                        Lives:  0   Deaths: 0

rFire    . . .     SeeInvis +     - Unarmed
rCold    . . .     Faith    .   (shield unavailable)
rNeg     . . .     Spirit   .   (armour unavailable)
rPois    .         Reflect  .   (helmet unavailable)
rElec    .         Harm     .   (cloak unavailable)
rCorr    .         Rampage  .   (gloves unavailable)
Will     .....                  (boots unavailable)
Stlth    ++........             (no amulet)
HPRegen  0.04/turn              f - ring of attention (curse)
MPRegen  0.10/turn              (no ring)

@: quick
A: very small, no armour, no weapons or thrown items, stealth, claws 1, fangs 3,
see invisible, speed 1, shaggy fur 1, sharp paws
a: no special abilities


You were on level 2 of the Dungeon.
You visited 1 branch of the dungeon, and saw 2 of its levels.

You collected 68 gold pieces.

Inventory:

Jewellery
 f - a cursed ring of attention (left paw)
Wands
 b - a wand of paralysis (8)
Scrolls
 c - a scroll of fear
 d - a scroll of identify
 e - a scroll of immolation
Potions
 a - 2 potions of haste


   Skills:
 - Level 2.6 Dodging
 - Level 4.0 Stealth
 - Level 2.1 Unarmed Combat
 - Level 2.0 Spellcasting
 + Level 5.2 Hexes
 + Level 1.5 Ice Magic


You had 3 spell levels left.
You knew the following spells:

 Your Spells              Type           Power        Failure   Level
a - Corona                Hex            21%          2%          1
b - Ensorcelled Hibernat  Hex/Ice        26%          8%          2

Your spell library contained the following spells:

 Spells                   Type           Power        Failure   Level
 Confusing Touch          Hex            19%          7%          3
 Tukima's Dance           Hex            19%          7%          3
 Dazzling Flash           Conj/Hex       20%          21%         3


Dungeon Overview and Level Annotations

Branches:
Dungeon (2/15)

Altars:
Elyvilon

Annotations:
D:2 Sigmund


Innate Abilities, Weirdness & Mutations

You cannot wear armour.
You are incapable of wielding weapons or throwing items.
Your paws allow you to move quietly. (Stealth)
You have sharp claws.
You have razor-sharp teeth.
You have supernaturally acute eyesight. (SInv)
You cover ground quickly.
You are covered in fur. (AC +1)
Your sharp claws are effective at attacking unaware monsters.


Message History

Sigmund is almost dead.
You scratch Sigmund but do no damage.
Sigmund is almost dead.
Sigmund casts a spell at you. You resist with some effort.
You closely miss Sigmund.
Sigmund is almost dead.
Sigmund completely misses you.
Sigmund points at you and mumbles some strange words.
You are confused.
Sigmund casts a spell at you. You resist with some effort.
You're too confused to move!
Sigmund closely misses you.
You feel less confused.
Sigmund is suddenly surrounded by pale blue light.
Sigmund points at you and mumbles some strange words.
The puff of flame hits you!
Ouch! That really hurt!
You die...

#........# ##....... #........#
#.?...... #........# #........
#........# #....<... #........#
#........ #### #........#
#........ #..###########........#
##.......
#...#..............@..#####......
##..#...........@.......########.
###............########....# #.
..............## #####.## #.
#####<........#### #......# #. #
#............# #......####.
######.###.#####.# #...........
...........## #.# #......###..
.##.........# #.## #......###..
###.........####..## #...........


You could see Sigmund.

Vanquished Creatures
  An adder (D:2)
  An ooze (D:1)
  A ball python (D:2)
  7 bats
  3 giant cockroaches
  4 goblins (D:1)
  5 hobgoblins
  2 jackals (D:2)
  4 kobolds
  A quokka (D:2)
  2 frilled lizards
  2 rats
33 creatures vanquished.

Notes
Turn   | Place    | Note
-------+----------+-------------------------------------------
     0 | D:1      | inc the Felid Enchanter began the quest for the Orb.
     0 | D:1      | Reached XP level 1. HP: 7/7 MP: 4/4
   504 | D:1      | Reached XP level 2. HP: 11/11 MP: 6/6
   511 | D:1      | Learned a level 2 spell: Ensorcelled Hibernation
  1386 | D:2      | Reached skill level 1 in Ice Magic
  1427 | D:2      | Reached XP level 3. HP: 14/14 MP: 1/7
  1627 | D:2      | Reached skill level 5 in Hexes
  1997 | D:2      | Found a white marble altar of Elyvilon.
  2351 | D:2      | Noticed Sigmund
  2471 | D:2      | Killed from afar by Sigmund

Illustrated notes

Levels and vault maps discovered:
D:1:      dpeg_arrival_three_bigger_balls, layout_basic,
          chequers_serial_rivers_large_b, minmay_misc_feat_diagonals,
          nrook_uturn, minmay_misc_feat_doors, item_on_display_a
D:2:      layout_rooms, serial_bayou, serial_bayou_lagoon_b,
          serial_bayou_pond_b, serial_bayou_shore_a, serial_bayou_pond_a,
          elyvilon_altar_3, uniq_sigmund

Skill      XL: |  1  2  3 |
---------------+----------+-----
Unarmed Combat | 2 |  2.1
Ice Magic      | 1 |  1.5
Hexes          | 5 |  5.2
Dodging        | |  2.6
Stealth        | |  4.0
Spellcasting   | |  2.0

Action                   || total
-------------------------++-------
Melee: Unarmed           ||    98
       Bite              ||     5
 Cast: Corona            ||     1
       Ensorcelled Hiber ||    26
  Use: Scroll            ||     4
 Stab: Sleeping          ||    20
Armor: Skin              ||     9
Dodge: Dodged            ||   112
